 Dungeon Crawl Stone Soup version 0.29-a0-664-gff9cad4a3d (webtiles) character file.

Game seed: 8149034435729823050

37 blackman the Chopper (level 3, 29/29 HPs)
             Began as a Human Monk on June 22, 2022.
             Was a Believer of Dithmenos.
             Quit the game on level 2 of the Dungeon.
             The game lasted 00:03:29 (1534 turns).

blackman the Chopper (Human Monk)                   Turns: 1534, Time: 00:03:30

Health: 29/29      AC:  3    Str: 13    XL:     3   Next: 60%
Magic:  3/3        EV: 13    Int: 10    God:    Dithmenos [**....]
Gold:   80         SH:  0    Dex: 15    Spells: 2/2 levels left

rFire   . . .      SeeInvis .   a - +0 hand axe
rCold   . . .      Faith    .   (no shield)
rNeg    . . .      Spirit   .   b - +0 robe
rPois   .          Reflect  .   (no helmet)
rElec   .          Harm     .   (no cloak)
rCorr   .          Rampage  .   d - +0 pair of gloves
Will    .....                   (no boots)
Stlth   +++.......              (no amulet)
HPRegen 0.09/turn               (no ring)
MPRegen 0.08/turn               (no ring)

@: wreathed by umbra
A: no striking features
a: Renounce Religion, Shadow Step


You were on level 2 of the Dungeon.
You worshipped Dithmenos.
Dithmenos was pleased with you.
You visited 1 branch of the dungeon, and saw 2 of its levels.

You collected 80 gold pieces.

Inventory:

Hand Weapons
 a - a +0 hand axe (weapon)
Missiles
 f - 2 throwing nets (quivered)
Armour
 b - a +0 robe (worn)
 d - a +0 pair of gloves (worn)
Scrolls
 h - a scroll of identify {unknown}
 i - a scroll of noise {unknown}
 j - 2 scrolls of teleportation {unknown}
Potions
 c - a potion of ambrosia
 e - a potion of invisibility {unknown}
 g - 2 potions of curing {unknown}


   Skills:
 - Level 3.0 Fighting
 + Level 4.3 Axes
 - Level 3.0 Dodging
 - Level 2.0 Stealth


You had 2 spell levels left.
You didn't know any spells.
Your spell library was empty.

Dungeon Overview and Level Annotations

Branches:
Dungeon (2/15)

Altars:
Dithmenos


Message History

j - 2 scrolls labelled JATUUM HER (gained 1)
Found a ring mail.
An adder comes into view.
The helpless adder fails to defend itself.
You hit the adder.
The adder is severely wounded.
The adder bites you. x2
You are poisoned.
The adder poisons you!
You barely miss the adder.
The adder is severely wounded.
You feel sick. The adder barely misses you.
You hit the adder.
You kill the adder!
You feel sick.
No target in view!
You feel sick.
You feel sick.
You feel sick.
You are no longer poisoned.
You start resting.
HP restored.
Found a green potion.
There is a stone staircase leading up here.
There is a stone staircase leading down here.
g - 2 green potions (gained 1)
There are no items here.
Found a faded altar of an unknown god.
Found a scroll labelled RAANKA SOUTI.
There is a faded altar of an unknown god here.
Unknown command.
Press < or > to pray at altars.
You cannot tell which god this altar belongs to.
Convert to them anyway? [Y]es or [N]o only, please.
You cannot tell which god this altar belongs to.
Convert to them anyway?
Dithmenos accepts your prayer! Dithmenos welcomes you!
You are shrouded in an aura of darkness!
You can now step into the shadows of nearby creatures.
Are you sure you want to abandon this character and quit the game? (Confirm with "yes".)

#....###...........[
#.#...#......###
#####
#.##.#####.#####...#
#.#####..........#.##
#.# #.##>..........
#.# # #..#####.###
#<# #..# #.#
#♣♣♣♣♣♣♣♣#..# #.#
♣♣.8@8..♣♣..# #.#
♣........♣♣.#####.#
♣..♣♣...♣...♣.....#.#
#.♣ ♣?⌠.♣♣♣.♣.###.#..
# ♣...♣ ♣♣..# ♣.♣.♣
#### .♣♣.. .♣ ♣♣. ♣.
.♣


There were no monsters in sight!

Vanquished Creatures
  An adder (D:2)
  A dart slug (D:1)
  3 ball pythons (D:1)
  5 endoplasms (D:1)
  A giant cockroach (D:1)
  A goblin (D:1)
  3 kobolds (D:1)
  2 quokkas
  3 bats (D:1)
  3 frilled lizards (D:1)
  A rat (D:1)
24 creatures vanquished.

Notes
Turn   | Place    | Note
-------+----------+-------------------------------------------
     0 | D:1      | blackman the Human Monk began the quest for the Orb.
     0 | D:1      | Reached XP level 1. HP: 18/18 MP: 1/1
   234 | D:1      | Reached XP level 2. HP: 21/24 MP: 2/2
   898 | D:1      | Reached skill level 4 in Axes
   898 | D:1      | Reached XP level 3. HP: 29/29 MP: 3/3
  1524 | D:2      | Found a faded altar of an unknown god.
  1533 | D:2      | Prayed at the altar of an unknown god.
  1533 | D:2      | Became a worshipper of Dithmenos the Shadowed
  1533 | D:2      | Reached * piety under Dithmenos
  1533 | D:2      | Reached ** piety under Dithmenos
  1534 | D:2      | Quit the game

Illustrated notes

Levels and vault maps discovered:
D:1:      amcnicky_arrival_blooded_trapdoor, layout_basic, minivault_23
D:2:      layout_loops_ring, shapermc_ecumenical_altar_totnotflames

Skill      XL: |  1  2 |
---------------+-------+-----
Axes           | 4 |  4.3
Fighting       | |  3.0
Dodging        | |  3.0
Stealth        | |  2.0

Action                   || total
-------------------------++-------
Melee: Hand axe          ||    76
       Punch             ||     1
 Stab: Sleeping          ||     6
Armor: Robe              ||    12
Dodge: Dodged            ||    55

Table legend: (Time is in decaauts)
 A = Elapsed time spent in this place.
 B = Non-inter-level travel time spent in this place.
 C = Inter-level travel time spent in this place.
 D = Time resting spent in this place.
 E = Time spent auto-exploring this place.
 F = Levels seen in this place.
 G = Mean time per level.
                   A        B        C        D        E       F      G
               +--------+--------+--------+--------+--------+-----+--------+
         Total |   1543 |   1457 |     86 |    129 |   1116 |   2 |  771.5 |
       Dungeon |   1543 |   1457 |     86 |    129 |   1116 |   2 |  771.5 |
               +--------+--------+--------+--------+--------+-----+--------+

Top non-repeatable levels by time:
     D:1: 1302 daAuts
     D:2: 240 daAuts
